 Seeded DCSS version 0.31.0-32-g396128a36d (webtiles) character file.

Game seed: 1873362769437039276 (custom seed)

28 Hellmel the Poker (level 3, 27/27 HPs)
             Began as a Demonspawn Gladiator on Apr 9, 2024.
             Quit the game on level 2 of the Dungeon.
             The game lasted 00:00:49 (904 turns).

Hellmel the Poker (Demonspawn Gladiator)             Turns: 904, Time: 00:00:49

Health: 27/27      AC:  5    Str: 16    XL:     3   Next: 0%
Magic:  3/3        EV: 12    Int:  8    God:
Gold:   69         SH:  0    Dex: 14    Spells: 2/2 levels left

rFire   . . .        a - +0 trident
rCold   . . .        (no shield)
rNeg    . . .        b - +0 leather armour
rPois   .            c - +0 helmet
rElec   .            i - +0 cloak
rCorr   .            (no gloves)
SInv    .            (no boots)
Will    .....        (no amulet)
Stlth   +            (no ring)
HPRegen 0.24/turn    (no ring)
MPRegen 0.08/turn

%: no passive effects
@: no status effects
A: claws 1, demonic guardian 1
a: no special abilities


You were on level 2 of the Dungeon.
You visited 1 branch of the dungeon, and saw 2 of its levels.

You collected 69 gold pieces.

Inventory:

Hand Weapons
 a - a +0 trident (weapon)
Missiles
 d - 2 throwing nets (quivered)
 e - a javelin
Armour
 b - a +0 leather armour (worn)
 c - a +0 helmet (worn)
 i - a +0 cloak (worn)
Scrolls
 f - 2 scrolls of identify {unknown}
 g - 2 scrolls of teleportation {unknown}
Potions
 h - a potion of might {unknown}
 j - a potion of heal wounds {unknown}
 k - a potion of curing {unknown}


   Skills:
 + Level 2.3 Fighting
 + Level 3.1 Polearms
 + Level 2.1 Throwing
 + Level 0.3 Armour
 + Level 3.0 Dodging


You had 2 spell levels left.
You didn't know any spells.
Your spell library contained the following spells:

 Spells                   Type           Power      Damage    Failure   Level
 Gell's Gravitas          Tloc           0%         N/A       85%         3
 Teleport Other           Tloc           0%         N/A       85%         3
 Dispersal                Tloc           0%         N/A       100%        6


Dungeon Overview and Level Annotations

Branches:
Dungeon (2/15)

Altars:


Innate Abilities, Weirdness & Mutations

You have sharp fingernails.
A weak demonic guardian rushes to your aid.


Message History

The goblin moves out of view.
The goblin shouts!
A goblin is nearby!
A goblin is nearby!
A goblin is nearby!
You reach to attack!
You hit the goblin.
You kill the goblin!
No target in view!
No target in view!
No target in view!
No target in view!
No target in view!
No target in view!
No target in view!
No target in view!
No target in view!
No target in view!
No target in view!
No target in view!
You see here a +0 club.
A ball python comes into view.
A ball python is nearby!
A ball python is nearby!
A ball python is nearby!
You puncture the ball python!
You kill the ball python!
You have reached level 3!
Your experience leads to an increase in your attributes!
Increase (S)trength, (I)ntelligence, or (D)exterity?
You feel stronger. x2; Your demonic ancestry asserts itself...
You feel the presence of a demonic guardian.
An endoplasm comes into view.
The endoplasm quivers.
An endoplasm is nearby!
An endoplasm is nearby!
An endoplasm is nearby!
An endoplasm is nearby!
You throw a throwing net. The throwing net hits the endoplasm.
The endoplasm effortlessly oozes through the net!
Are you sure you want to abandon this character and quit the game? (Confirm with "yes".)

######....
#........###
...........#
#..........#
#..........#
#..J.?.....#
#..........#
#.#####@..#
#.......#.#
### #######.#
# ... #.# ###
#.# #.# #.#
#.# #####.#
######.#
#.....####
.[...#.#
#............


You could see an endoplasm.

Vanquished Creatures
  2 dart slugs
  A ribbon worm (D:2)
  4 bats (D:1)
  An endoplasm (D:1)
  2 goblins
  2 kobolds (D:1)
  A quokka (D:1)
  A ball python (D:2)
  8 frilled lizards (D:1)
  3 rats (D:1)
25 creatures vanquished.

Notes
Turn   | Place    | Note
-------+----------+-------------------------------------------
     0 | D:1      | Hellmel the Demonspawn Gladiator began the quest for the
                  | Orb.
     0 | D:1      | Reached XP level 1. HP: 16/16 MP: 1/1
   247 | D:1      | Gained mutation: You have sharp fingernails. [demonic
                  | ancestry]
   247 | D:1      | Reached XP level 2. HP: 22/22 MP: 2/2
   891 | D:2      | Gained mutation: A weak demonic guardian rushes to your
                  | aid. [demonic ancestry]
   891 | D:2      | Reached XP level 3. HP: 27/27 MP: 3/3
   904 | D:2      | Quit the game

Illustrated notes

Levels and vault maps discovered:
D:1:      dpeg_arrival_rhombi, layout_loops_ring, minmay_misc_feat_nine_boxes,
          minmay_lizard_king
D:2:      layout_basic, serial_shops, nicolae_shop_just_a_little_nook,
          hellmonk_ecumenical_altar_inner_sanctum, dk_vineyard_1,
          hangedman_decor_lopped

Skill      XL: |  1  2 |
---------------+-------+-----
Throwing       | 2 |  2.1
Polearms       | 3 |  3.1
Dodging        | 3 |  3.0
Fighting       | |  2.3
Armour         | |  0.3

Action                     || total
---------------------------++-------
  Melee: Trident           ||    68
  Throw: Throwing net      ||     1
   Stab: Sleeping          ||     2
 Armour: Leather armour    ||    23
  Dodge: Dodged            ||    30
